cohdb
Replays
Latest Replays
All Replays
Popular Replays
Top Player Replays
Match Explorer
How It Works
Community
CoH3 Stats
Reddit
Sign in to upload your games and track your stats! →
Sign in with Steam
Match 42551375
Unlisted
Match 42551375
Overview
Messages
Build Orders
End
Vickers Machine Gun Team
Selects Indian Artillery Battlegroup
Construct Section Command Post
Infantry Section
ML 3-inch Mortar Team
Vickers Machine Gun Team
Selects Artillery Saturation
ML 3-inch Mortar Team
Construct Platoon Command Post
Infantry Section
6-pounder Anti-tank Gun Team
Selects Off-map Airburst Barrage
Grenade Package
Humber Armored Car
Selects Valour
Euler 453
XuZhongwei
0
0
Comments
sign in to comment!
No comments posted yet!